[Event "94th Paris-ch  2019"]
[Site "Paris"]
[Date "2019.07.07"]
[Round "1.19"]
[White "Lutard, Theo"]
[Black "Dixit, Nikhil"]
[Result "0-1"]
[ECO "B15"]
[WhiteElo "2222"]
[BlackElo "2318"]
[Annotator "NA"]
[PlyCount "96"]
[EventDate "2019.07.07"]
[EventType "swiss"]
[EventCountry "FRA"]
[SourceTitle "playchess.com"]
[Source "ChessBase"]
[SourceQuality "1"]
[TimeControl "5400+30"]

1. e4 g6 2. d4 Bg7 3. Nc3 c6 4. f4 d5 5. e5 Nh6 6. Nf3 f6 7. Bd3 Bg4 8. h3 Bxf3 9. Qxf3 O-O 10. h4 fxe5 11. dxe5 Nd7 12. Qg3 Nc5 13. h5 Nxd3+ 14. cxd3 Qe8 15. hxg6 Qxg6 16. Ne2 c5 17. Bd2 c4 18. Qxg6 hxg6 19. d4 e6 20. O-O-O Kf7 21. Rdf1 Rh8 22. Rh4 Nf5 23. Rxh8 Rxh8 24. g4 Ne7 25. Rf3 Rh2 26. Kd1 Nc6 27. Rg3 Rh1+ 28. Kc2 Bf8 29. Rg2 Bb4 30. Bc3 Rf1 31. Ng1 b5 32. Nh3 Be7 33. a3 a5 34. b4 cxb3+ 35. Kxb3 b4 36. axb4 axb4 37. Ng5+ Bxg5 38. Bxb4 Nxb4 39. fxg5 Nc6 40. Rh2 Kg7 41. Ra2 Rf3+ 42. Ka4 Nxd4 43. Kb4 Nc6+ 44. Kc5 Nxe5 45. Kd6 Nf7+ 46. Kxe6 d4 47. Ra7 d3 48. Rd7 Re3+ 0-1

[Event "94th Paris-ch  2019"]
[Site "Paris"]
[Date "2019.07.07"]
[Round "1.20"]
[White "Sanchez, Louis"]
[Black "Girel, Joseph"]
[Result "1-0"]
[ECO "E08"]
[WhiteElo "2316"]
[BlackElo "2215"]
[Annotator "NA"]
[PlyCount "89"]
[EventDate "2019.07.07"]
[EventType "swiss"]
[EventCountry "FRA"]
[SourceTitle "playchess.com"]
[Source "ChessBase"]
[SourceQuality "1"]
[TimeControl "5400+30"]

1. Nf3 Nf6 2. g3 e6 3. Bg2 d5 4. O-O Be7 5. d4 O-O 6. c4 c6 7. Qc2 b6 8. Rd1 Nbd7 9. b3 Bb7 10. Nc3 Rc8 11. e4 dxe4 12. Nxe4 Nxe4 13. Qxe4 Nf6 14. Qe2 Qc7 15. Bf4 Bd6 16. Be5 Nd7 17. Bxd6 Qxd6 18. c5 Qc7 19. Rac1 Nf6 20. Ne5 Nd5 21. Be4 Qe7 22. Qc2 g6 23. h4 f6 24. Nc4 bxc5 25. dxc5 Qxc5 26. Bxg6 Qe7 27. Be4 c5 28. Qe2 Rfd8 29. Re1 Qg7 30. Kh2 Kh8 31. Bf3 e5 32. Red1 Qh6 33. Qd2 Qf8 34. Qa5 Qe7 35. Be4 a6 36. Rd2 f5 37. Bxf5 Rc6 38. Nxe5 Rf6 39. Re1 Qf8 40. g4 Qd6 41. f4 Rdf8 42. Kg3 Rg8 43. Qc3 Qf8 44. Rxd5 Bxd5 45. Nd7 1-0

[Event "94th Paris-ch  2019"]
[Site "Paris"]
[Date "2019.07.07"]
[Round "2.1"]
[White "Moussard, Jules"]
[Black "Sanchez, Louis"]
[Result "1-0"]
[ECO "C42"]
[WhiteElo "2576"]
[BlackElo "2316"]
[Annotator "ChessBase"]
[PlyCount "45"]
[EventDate "2019.07.07"]
[EventType "swiss"]
[EventCountry "FRA"]
[SourceTitle "playchess.com"]
[Source "ChessBase"]
[SourceQuality "1"]
[TimeControl "5400+30"]

1. e4 e5 2. Nf3 Nf6 3. Nxe5 d6 4. Nf3 Nxe4 5. d3 Nf6 6. d4 g6 7. Bd3 Bg7 8. O-O O-O 9. h3 c5 10. Bf4 Nc6 11. dxc5 dxc5 12. c3 Qd5 13. Na3 Na5 14. Re1 Bf5 15. Bf1 Rfe8 16. Qa4 b6 17. Rad1 Rxe1 18. Rxd5 Rxf1+ 19. Kxf1 Nxd5 20. Be5 f6 21. Bg3 Rd8 22. Kg1 Bd7 23. Qd1 1-0

[Event "94th Paris-ch  2019"]
[Site "Paris"]
[Date "2019.07.07"]
[Round "2.3"]
[White "Bergez, Luc"]
[Black "Abergel, Thal"]
[Result "0-1"]
[ECO "B51"]
[WhiteElo "2308"]
[BlackElo "2450"]
[Annotator "ChessBase"]
[PlyCount "114"]
[EventDate "2019.07.07"]
[EventType "swiss"]
[EventCountry "FRA"]
[SourceTitle "playchess.com"]
[Source "ChessBase"]
[SourceQuality "1"]
[TimeControl "5400+30"]

1. e4 c5 2. Nf3 d6 3. Bb5+ Nc6 4. O-O Bd7 5. Re1 Nf6 6. c3 a6 7. Bf1 Bg4 8. h3 Bxf3 9. Qxf3 g6 10. d3 Bg7 11. Bg5 h6 12. Bh4 Nh7 13. Nd2 b5 14. a4 b4 15. Rec1 Ng5 16. Qd1 Ne6 17. Nc4 O-O 18. Ne3 Rb8 19. Ra2 Qd7 20. a5 Nc7 21. Nd5 Qe6 22. c4 b3 23. Nxc7 Qc8 24. Raa1 Qxc7 25. Qd2 Nd4 26. Be2 e6 27. Rf1 f5 28. f4 Qb7 29. Bf3 Rfe8 30. Bf2 Qb4 31. Qxb4 Rxb4 32. Be1 Rbb8 33. Bc3 fxe4 34. dxe4 Nc2 35. Bxg7 Kxg7 36. Ra4 e5 37. f5 Nd4 38. fxg6 Kxg6 39. Raa1 h5 40. Rac1 Rf8 41. Rc3 Kg5 42. g3 h4 43. Kg2 Rf6 44. gxh4+ Kxh4 45. Bg4 Rf4 46. Rxf4 exf4 47. Kf2 Kg5 48. Rc1 Kf6 49. Rg1 Rb4 50. Be2 Nxe2 51. Kxe2 Rxc4 52. Kd3 Rd4+ 53. Kc3 Rxe4 54. Kxb3 Ke5 55. h4 f3 56. h5 Rh4 57. Rg5+ Ke4 0-1

[Event "94th Paris-ch  2019"]
[Site "Paris"]
[Date "2019.07.07"]
[Round "2.4"]
[White "Guilleux, Fabien"]
[Black "Le Quang, Kim"]
[Result "1-0"]
[ECO "A89"]
[WhiteElo "2442"]
[BlackElo "2243"]
[Annotator "NA"]
[PlyCount "51"]
[EventDate "2019.07.07"]
[EventType "swiss"]
[EventCountry "FRA"]
[SourceTitle "playchess.com"]
[Source "ChessBase"]
[SourceQuality "1"]
[TimeControl "5400+30"]

1. Nf3 d6 2. d4 g6 3. c4 f5 4. g3 Nf6 5. Bg2 Bg7 6. O-O O-O 7. Nc3 Nc6 8. d5 Na5 9. Nd2 c5 10. Qc2 a6 11. Rb1 Rb8 12. b3 Qc7 13. Bb2 b5 14. Ba1 b4 15. Nd1 e5 16. dxe6 Bxe6 17. Ne3 Rbe8 18. Qd3 Kh8 19. Rfe1 Nc6 20. Rbd1 f4 21. gxf4 Nh5 22. Bxg7+ Kxg7 23. Nf3 Rd8 24. Ng5 Nxf4 25. Qe4 Ne5 26. Qxf4 1-0

[Event "94th Paris-ch  2019"]
[Site "Paris"]
[Date "2019.07.07"]
[Round "2.5"]
[White "Chalmeta Ugas, Ramon"]
[Black "Bharath Subramaniyam H"]
[Result "1-0"]
[ECO "B40"]
[WhiteElo "2232"]
[BlackElo "2405"]
[Annotator "NA"]
[PlyCount "55"]
[EventDate "2019.07.07"]
[EventType "swiss"]
[EventCountry "FRA"]
[SourceTitle "playchess.com"]
[Source "ChessBase"]
[SourceQuality "1"]
[TimeControl "5400+30"]

1. e4 c5 2. Nf3 e6 3. Nc3 a6 4. g3 b5 5. Bg2 Bb7 6. d3 d6 7. O-O Nf6 8. Ng5 h6 9. Nh3 Nc6 10. f4 Qc7 11. f5 b4 12. Ne2 exf5 13. Rxf5 Be7 14. Rf1 O-O 15. Nef4 Rad8 16. Nh5 Nxh5 17. Qxh5 Nd4 18. Bxh6 gxh6 19. Qxh6 Ne6 20. Rf5 Ng7 21. Rg5 Bxg5 22. Nxg5 Rfe8 23. Rf1 Rd7 24. Bh3 f5 25. Qh7+ Kf8 26. Bxf5 Rf7 27. Nxf7 Qxf7 28. Bg6 1-0

[Event "94th Paris-ch  2019"]
[Site "Paris"]
[Date "2019.07.07"]
[Round "2.6"]
[White "Moksh Amit Doshi"]
[Black "Verstraeten, Rein"]
[Result "1/2-1/2"]
[ECO "D37"]
[WhiteElo "2229"]
[BlackElo "2376"]
[Annotator "NA"]
[PlyCount "28"]
[EventDate "2019.07.07"]
[EventType "swiss"]
[EventCountry "FRA"]
[SourceTitle "playchess.com"]
[Source "ChessBase"]
[SourceQuality "1"]
[TimeControl "5400+30"]

1. d4 Nf6 2. c4 e6 3. Nf3 d5 4. Nc3 a6 5. cxd5 exd5 6. Bg5 Be6 7. e3 Bd6 8. Qb3 Nbd7 9. Qxb7 O-O 10. Qb3 c5 11. Be2 Qa5 12. O-O Ne4 13. Qc2 Rab8 14. Bh4 cxd4 1/2-1/2

[Event "94th Paris-ch  2019"]
[Site "Paris"]
[Date "2019.07.07"]
[Round "2.7"]
[White "Gervasio, Ricardo"]
[Black "Philippe, Guillaume"]
[Result "0-1"]
[ECO "A47"]
[WhiteElo "2223"]
[BlackElo "2344"]
[Annotator "NA"]
[PlyCount "86"]
[EventDate "2019.07.07"]
[EventType "swiss"]
[EventCountry "FRA"]
[SourceTitle "playchess.com"]
[Source "ChessBase"]
[SourceQuality "1"]
[TimeControl "5400+30"]

1. Nf3 Nf6 2. d4 e6 3. e3 b6 4. Bd3 Bb7 5. Nbd2 c5 6. Qe2 Nc6 7. a3 Be7 8. c4 cxd4 9. exd4 d5 10. b4 dxc4 11. Nxc4 Nxd4 12. Nxd4 Qxd4 13. Bb2 Qh4 14. Be5 O-O 15. O-O Rad8 16. Rfd1 h5 17. Bg3 Qg5 18. f4 Qh6 19. h3 h4 20. Bh2 Nd5 21. Rf1 Bf6 22. Rac1 Nc3 23. Qc2 Rd7 24. Rfe1 Rfd8 25. Bf1 Bd4+ 26. Kh1 f5 27. Ne5 Bxe5 28. Rxe5 Ne4 29. Bc4 Bd5 30. Re1 Kh7 31. Bxd5 Rxd5 32. R1xe4 fxe4 33. Qxe4+ Qg6 34. f5 exf5 35. Qxh4+ Qh6 36. Qe7 R8d7 37. Qe8 Qg6 38. Qf8 Rxe5 39. Bxe5 Rd2 40. Qa8 Qe6 41. Bf4 Qd5 42. Qxd5 Rxd5 43. Bb8 a6 0-1

[Event "94th Paris-ch  2019"]
[Site "Paris"]
[Date "2019.07.07"]
[Round "2.8"]
[White "Bonte, Andrei-Mihai"]
[Black "Samoun, Florent"]
[Result "0-1"]
[ECO "D94"]
[WhiteElo "2337"]
[BlackElo "2230"]
[Annotator "NA"]
[PlyCount "93"]
[EventDate "2019.07.07"]
[EventType "swiss"]
[EventCountry "FRA"]
[SourceTitle "playchess.com"]
[Source "ChessBase"]
[SourceQuality "1"]
[TimeControl "5400+30"]

1. d4 d5 2. Nf3 Nf6 3. c4 e6 4. Nc3 c6 5. e3 g6 6. Bd3 Bg7 7. O-O O-O 8. e4 dxe4 9. Nxe4 Nxe4 10. Bxe4 Nd7 11. Qc2 e5 12. Bg5 Qc7 13. c5 f5 14. Qc4+ Kh8 15. Bc2 e4 16. Nd2 h6 17. Be7 Nb6 18. cxb6 Qxe7 19. bxa7 Be6 20. Qc3 Rfd8 21. Nb3 Rxa7 22. Rfd1 Bd5 23. Na5 c5 24. Nc4 Kh7 25. Nb6 cxd4 26. Nxd5 Rxd5 27. Qd2 Ra8 28. b4 Rb5 29. Bb3 Rxb4 30. Rac1 Rb6 31. Rc4 Rc6 32. Rdc1 Rac8 33. g3 Rxc4 34. Rxc4 Rxc4 35. Bxc4 Qc5 36. Qc2 b6 37. Kf1 d3 38. Qa4 Qd4 39. Bb3 Qxa4 40. Bxa4 Bc3 41. Bb5 Kg7 42. f3 Kf6 43. fxe4 fxe4 44. Kf2 Ke5 45. Ke3 Bd4+ 46. Kd2 Bg1 47. Ke1 0-1

[Event "94th Paris-ch  2019"]
[Site "Paris"]
[Date "2019.07.07"]
[Round "2.9"]
[White "Vardaan Nagpal"]
[Black "Guliyev, Namig"]
[Result "0-1"]
[ECO "D02"]
[WhiteElo "2355"]
[BlackElo "2551"]
[Annotator "ChessBase"]
[PlyCount "72"]
[EventDate "2019.07.07"]
[EventType "swiss"]
[EventCountry "FRA"]
[SourceTitle "playchess.com"]
[Source "ChessBase"]
[SourceQuality "1"]
[TimeControl "5400+30"]

1. Nf3 d5 2. g3 Bg4 3. Bg2 Nd7 4. d4 e6 5. O-O Ngf6 6. h3 Bh5 7. c4 c6 8. cxd5 exd5 9. Nh4 Bg6 10. Nc3 Bb4 11. Nxg6 hxg6 12. Qd3 O-O 13. h4 Re8 14. Bf3 Qe7 15. Kg2 Ne4 16. Rh1 Ndf6 17. Bf4 Rad8 18. a3 Bd6 19. Bxd6 Qxd6 20. Rad1 a5 21. Qc2 b5 22. Rd3 Qb8 23. Re3 Qa7 24. Rd1 Nd6 25. Rxe8+ Rxe8 26. Nb1 Nf5 27. Qd3 Ne4 28. Nd2 Nexg3 29. Rc1 Qc7 30. fxg3 Qxg3+ 31. Kh1 Qxh4+ 32. Kg1 Re3 33. Qc2 Qg3+ 34. Kh1 Rxf3 35. exf3 Ne3 36. Nf1 Qxf3+ 0-1

[Event "94th Paris-ch  2019"]
[Site "Paris"]
[Date "2019.07.07"]
[Round "2.11"]
[White "Sochacki, Christophe"]
[Black "Tomasi, Albert"]
[Result "1-0"]
[ECO "D05"]
[WhiteElo "2481"]
[BlackElo "2300"]
[Annotator "ChessBase"]
[PlyCount "135"]
[EventDate "2019.07.07"]
[EventType "swiss"]
[EventCountry "FRA"]
[SourceTitle "playchess.com"]
[Source "ChessBase"]
[SourceQuality "1"]
[TimeControl "5400+30"]

1. Nf3 Nf6 2. b3 d5 3. Bb2 c5 4. e3 Nc6 5. d4 e6 6. Bd3 Bd6 7. dxc5 Bxc5 8. a3 O-O 9. b4 Be7 10. Nbd2 a5 11. b5 Nb8 12. c4 Nbd7 13. O-O Nc5 14. Be2 a4 15. Rc1 Nfe4 16. cxd5 Nxd2 17. Nxd2 exd5 18. Qc2 Bd7 19. Nf3 Qb6 20. Bd4 Rfc8 21. Ne5 Qd8 22. Nxd7 Nb3 23. Qb2 Nxc1 24. Bg4 h5 25. Bf5 Bxa3 26. Qxa3 Ne2+ 27. Kh1 Nxd4 28. exd4 Rc4 29. Rd1 Qg5 30. Bd3 Qg4 31. f3 Qxd7 32. Bxc4 dxc4 33. Qc5 Qe6 34. d5 Qe2 35. Qd4 c3 36. d6 c2 37. Rc1 Qxb5 38. Qd2 Rd8 39. h3 Qc6 40. Rxc2 Qxd6 41. Qa5 b5 42. Rb2 Rc8 43. Rb1 Qd3 44. Rxb5 Rc1+ 45. Kh2 Qd6+ 46. Re5 a3 47. f4 g6 48. Re8+ Kh7 49. Re4 Rf1 50. Qa4 h4 51. Qc4 f5 52. Rd4 Qxd4 53. Qxd4 a2 54. Qa7+ Kh6 55. Qxa2 Rxf4 56. Qf7 Re4 57. Kg1 Rf4 58. Qf8+ Kh5 59. Qg7 Kg5 60. Qe7+ Kh5 61. Qe2+ Kh6 62. Qe3 g5 63. Qe6+ Kg7 64. Qe7+ Kg6 65. Qe8+ Kh6 66. Qc6+ Kg7 67. Qe6 g4 68. Qe5+ 1-0

[Event "94th Paris-ch  2019"]
[Site "Paris"]
[Date "2019.07.07"]
[Round "2.12"]
[White "Fitzsimons, David"]
[Black "Ojas Kulkarni"]
[Result "1-0"]
[ECO "B04"]
[WhiteElo "2301"]
[BlackElo "2251"]
[Annotator "NA"]
[PlyCount "65"]
[EventDate "2019.07.07"]
[EventType "swiss"]
[EventCountry "FRA"]
[SourceTitle "playchess.com"]
[Source "ChessBase"]
[SourceQuality "1"]
[TimeControl "5400+30"]

1. e4 Nf6 2. e5 Nd5 3. d4 d6 4. Nf3 dxe5 5. Nxe5 c6 6. Be2 Nd7 7. Nf3 g6 8. O-O Bg7 9. c4 Nc7 10. Nc3 O-O 11. Bf4 Nf6 12. Qb3 Ne6 13. Be5 Nh5 14. Rfe1 Nhf4 15. Bf1 Bxe5 16. dxe5 Nc5 17. Qa3 Qb6 18. Rad1 a5 19. Ne4 Nfe6 20. Qe3 Kg7 21. Nfg5 Nxg5 22. Qxg5 Qb4 23. a3 Nxe4 24. Rxe4 h6 25. Qe3 Qa4 26. Rh4 h5 27. Rxh5 gxh5 28. Qg5+ Kh8 29. Qxh5+ Kg7 30. Qg5+ Kh8 31. Rd4 Qc2 32. Rh4+ Qh7 33. Bd3 1-0

[Event "94th Paris-ch  2019"]
[Site "Paris"]
[Date "2019.07.07"]
[Round "2.13"]
[White "Anand Nadar"]
[Black "French, Max"]
[Result "1/2-1/2"]
[ECO "A14"]
[WhiteElo "2358"]
[BlackElo "2232"]
[Annotator "NA"]
[PlyCount "37"]
[EventDate "2019.07.07"]
[EventType "swiss"]
[EventCountry "FRA"]
[SourceTitle "playchess.com"]
[Source "ChessBase"]
[SourceQuality "1"]
[TimeControl "5400+30"]

1. Nf3 Nf6 2. g3 e6 3. Bg2 d5 4. c4 Be7 5. O-O O-O 6. b3 d4 7. Bb2 c5 8. e3 Nc6 9. exd4 cxd4 10. Re1 Re8 11. a3 a5 12. d3 Bc5 13. Ne5 Nxe5 14. Rxe5 Bd6 15. Re1 e5 16. Nd2 Rb8 17. Ne4 Nxe4 18. Bxe4 Be6 19. Rc1 1/2-1/2

[Event "94th Paris-ch  2019"]
[Site "Paris"]
[Date "2019.07.07"]
[Round "2.14"]
[White "Jeet, Jain"]
[Black "Stephan, Victor"]
[Result "1/2-1/2"]
[ECO "B52"]
[WhiteElo "2258"]
[BlackElo "2358"]
[Annotator "NA"]
[PlyCount "50"]
[EventDate "2019.07.07"]
[EventType "swiss"]
[EventCountry "FRA"]
[SourceTitle "playchess.com"]
[Source "ChessBase"]
[SourceQuality "1"]
[TimeControl "5400+30"]

1. e4 c5 2. Nf3 d6 3. Bb5+ Bd7 4. Bxd7+ Qxd7 5. c4 Nf6 6. Nc3 g6 7. d4 cxd4 8. Nxd4 Bg7 9. h3 O-O 10. Be3 Nc6 11. Rc1 Rfd8 12. O-O e6 13. b3 d5 14. exd5 exd5 15. Nxc6 bxc6 16. cxd5 Nxd5 17. Nxd5 cxd5 18. Bd4 Bxd4 19. Qxd4 a5 20. Rfd1 a4 21. Rc5 axb3 22. axb3 Rab8 23. Rxd5 Qxd5 24. Qxd5 Rxd5 25. Rxd5 Rxb3 1/2-1/2

[Event "94th Paris-ch  2019"]
[Site "Paris"]
[Date "2019.07.07"]
[Round "2.15"]
[White "Eden, James"]
[Black "Rahul Srivatshav P"]
[Result "1/2-1/2"]
[ECO "B22"]
[WhiteElo "2343"]
[BlackElo "2414"]
[Annotator "NA"]
[PlyCount "121"]
[EventDate "2019.07.07"]
[EventType "swiss"]
[EventCountry "FRA"]
[SourceTitle "playchess.com"]
[Source "ChessBase"]
[SourceQuality "1"]
[TimeControl "5400+30"]

1. e4 c5 2. Nf3 e6 3. c3 d5 4. exd5 Qxd5 5. d4 Nf6 6. Be3 cxd4 7. cxd4 Bb4+ 8. Nc3 O-O 9. Bd3 b6 10. O-O Bxc3 11. bxc3 Ba6 12. Bxa6 Nxa6 13. Qe2 Nb8 14. c4 Qe4 15. Nd2 Qc6 16. a4 Rc8 17. Rfc1 Nbd7 18. h3 h6 19. a5 Ne8 20. Qg4 Ndf6 21. Qg3 Nd6 22. axb6 axb6 23. Rxa8 Rxa8 24. Qf3 Rc8 25. Qxc6 Rxc6 26. Kf1 Nfe4 27. Nxe4 Nxe4 28. Ke2 Kf8 29. Kd3 Nd6 30. c5 bxc5 31. dxc5 Nf5 32. Kc4 Ne7 33. Kb5 Ke8 34. Bf4 Kd7 35. Ra1 Nd5 36. Ra7+ Nc7+ 37. Bxc7 Rxc7 38. c6+ Kd6 39. Rxc7 Kxc7 40. Kc5 g5 41. g4 f6 42. Kb5 f5 43. Kc5 f4 44. Kb5 e5 45. Kc5 e4 46. Kd4 Kxc6 47. Kxe4 Kc5 48. Kf5 Kd4 49. Kg6 Kd3 50. Kxh6 Ke2 51. Kxg5 f3 52. Kh4 Kxf2 53. g5 Ke3 54. g6 f2 55. g7 f1=Q 56. g8=Q Qf5 57. Qg4 Qh7+ 58. Kg3 Qc7+ 59. Kg2 Qc2+ 60. Kg1 Qf2+ 61. Kh1 1/2-1/2

[Event "94th Paris-ch  2019"]
[Site "Paris"]
[Date "2019.07.07"]
[Round "2.16"]
[White "Hingouet, Matthieu"]
[Black "Shirazi, Kamran"]
[Result "1-0"]
[ECO "A57"]
[WhiteElo "2245"]
[BlackElo "2343"]
[Annotator "NA"]
[PlyCount "156"]
[EventDate "2019.07.07"]
[EventType "swiss"]
[EventCountry "FRA"]
[SourceTitle "playchess.com"]
[Source "ChessBase"]
[SourceQuality "1"]
[TimeControl "5400+30"]

1. d4 Nf6 2. c4 a6 3. Nc3 c5 4. d5 b5 5. cxb5 axb5 6. Nxb5 Qa5+ 7. Nc3 g6 8. Bd2 Bg7 9. e4 O-O 10. Nf3 d6 11. Be2 Ba6 12. O-O Nbd7 13. a4 Rfb8 14. Nb5 Qb6 15. Qc2 Ne8 16. Bg5 Kf8 17. Nd2 h6 18. Be3 Qd8 19. Rab1 Nc7 20. Nxc7 Qxc7 21. Bxa6 Rxa6 22. b3 Kg8 23. Nc4 Nf8 24. Rfd1 e6 25. Na3 exd5 26. Rxd5 Ne6 27. Nb5 Qe7 28. Rbd1 Rbb6 29. Qd2 Kh7 30. Qd3 Bf8 31. e5 dxe5 32. Rxe5 Qf6 33. Rd5 Rb7 34. Rd7 c4 35. Qxc4 Rxd7 36. Rxd7 Kg8 37. h3 Ng5 38. Qd4 Qf5 39. Qd3 Qf6 40. Nc3 Rd6 41. Rxd6 Bxd6 42. Bxg5 hxg5 43. g3 Qe6 44. Ne4 Be7 45. Kg2 f5 46. Nd2 Qc6+ 47. Qf3 Qd7 48. Nc4 Bc5 49. Ne5 Qd4 50. Nc6 Qd2 51. b4 Bxf2 52. Qxf2 Qd5+ 53. Qf3 Qd2+ 54. Kg1 Qc1+ 55. Kh2 Qc2+ 56. Qg2 Qxa4 57. Qd5+ Kh7 58. Ne5 Qc2+ 59. Qg2 Qc3 60. Qb7+ Kh6 61. Nf7+ Kh5 62. Qg2 Qxb4 63. Qe2+ g4 64. hxg4+ Qxg4 65. Qe8 Qd4 66. Qe2+ Qg4 67. Qe3 f4 68. gxf4 g5 69. Nxg5 Kg6 70. Qf3 Qh4+ 71. Nh3 Qh8 72. Kg3 Qa1 73. Qd3+ Kh6 74. Kg4 Qa8 75. Qd6+ Kg7 76. Qe5+ Kg8 77. Ng5 Qg2+ 78. Kf5 Qg4+ 1-0

[Event "94th Paris-ch  2019"]
[Site "Paris"]
[Date "2019.07.07"]
[Round "2.19"]
[White "Cotonnec, Melkior"]
[Black "Albaric, Etienne"]
[Result "0-1"]
[ECO "A00"]
[WhiteElo "2293"]
[BlackElo "2225"]
[Annotator "NA"]
[PlyCount "70"]
[EventDate "2019.07.07"]
[EventType "swiss"]
[EventCountry "FRA"]
[SourceTitle "playchess.com"]
[Source "ChessBase"]
[SourceQuality "1"]
[TimeControl "5400+30"]

1. b4 e5 2. Bb2 Bxb4 3. Bxe5 Nf6 4. Nf3 Nc6 5. Bb2 O-O 6. c4 Re8 7. e3 d5 8. cxd5 Nxd5 9. Be2 Bg4 10. O-O Qd6 11. a3 Ba5 12. d4 Qh6 13. Nbd2 Nxe3 14. fxe3 Qxe3+ 15. Rf2 Bxd2 16. Bc4 Bxf3 17. Qxf3 Qxf3 18. Rxf3 Re7 19. Raf1 Rf8 20. Kh1 Na5 21. Ba2 b5 22. Rf5 a6 23. a4 g6 24. Rf6 b4 25. Bd5 c6 26. Bxc6 Bg5 27. Rd6 Nc4 28. Rd5 Ne3 29. Rxg5 Nxf1 30. Rc5 Re2 31. Rc1 Ne3 32. Rb1 Nc4 33. Ba1 Rb8 34. Kg1 b3 35. Kf1 Rc2 0-1

[Event "94th Paris-ch  2019"]
[Site "Paris"]
[Date "2019.07.07"]
[Round "2.20"]
[White "Le Goff, Ronan"]
[Black "Lutard, Theo"]
[Result "1-0"]
[ECO "D11"]
[WhiteElo "2281"]
[BlackElo "2222"]
[Annotator "NA"]
[PlyCount "53"]
[EventDate "2019.07.07"]
[EventType "swiss"]
[EventCountry "FRA"]
[SourceTitle "playchess.com"]
[Source "ChessBase"]
[SourceQuality "1"]
[TimeControl "5400+30"]

1. d4 d5 2. c4 c6 3. Nf3 Nf6 4. Qc2 dxc4 5. e4 b5 6. b3 cxb3 7. axb3 g6 8. Bd2 a5 9. Bd3 Bg7 10. O-O O-O 11. h3 Bb7 12. Rc1 b4 13. Be3 Nfd7 14. Nbd2 e5 15. Bg5 f6 16. Be3 Re8 17. dxe5 Nxe5 18. Nxe5 fxe5 19. Nc4 Ba6 20. Rxa5 Kh8 21. Bb6 Qe7 22. Rca1 Qd7 23. Bf1 Bxc4 24. Rxa8 Bxf1 25. Kxf1 c5 26. Qxc5 Nc6 27. Qd5 1-0

[Event "94th Paris-ch  2019"]
[Site "Paris"]
[Date "2019.07.07"]
[Round "2.21"]
[White "Macon, Arthur"]
[Black "Smith, Matthieu"]
[Result "1-0"]
[ECO "D79"]
[WhiteElo "2270"]
[BlackElo "2208"]
[Annotator "NA"]
[PlyCount "113"]
[EventDate "2019.07.07"]
[EventType "swiss"]
[EventCountry "FRA"]
[SourceTitle "playchess.com"]
[Source "ChessBase"]
[SourceQuality "1"]
[TimeControl "5400+30"]

1. Nf3 d5 2. g3 g6 3. Bg2 Bg7 4. d4 Nf6 5. O-O O-O 6. c4 c6 7. cxd5 cxd5 8. Ne5 Nc6 9. Nc3 Bf5 10. Bf4 Ne4 11. Nxc6 bxc6 12. Na4 Qa5 13. Rc1 Qb4 14. Be3 h5 15. b3 Rfc8 16. f3 Nd6 17. Bf2 Nb5 18. e3 e5 19. dxe5 Bxe5 20. Qe1 Qd6 21. Qd2 h4 22. f4 hxg3 23. hxg3 Bf6 24. Rfe1 Qe7 25. Nc5 Nd6 26. Qe2 Ne4 27. Nxe4 Bxe4 28. Bxe4 Qxe4 29. Qc2 Qf3 30. e4 d4 31. Qe2 Qxe2 32. Rxe2 c5 33. Rec2 d3 34. Rd2 Rd8 35. e5 Be7 36. Rc3 c4 37. Rxc4 Ba3 38. Bc5 Bb2 39. Bd6 Ba1 40. Rxd3 f6 41. e6 Re8 42. e7 f5 43. Ba3 Bf6 44. Rd7 Kf7 45. Rc6 Rac8 46. Rdc7 Rxc7 47. Rxc7 Bd4+ 48. Kf1 Bb6 49. Rc6 Rh8 50. Kg2 Rg8 51. Bc5 Bxc5 52. Rxc5 Kxe7 53. Rc7+ Kd6 54. Rxa7 Kd5 55. Kf3 Rc8 56. Rd7+ Kc5 57. g4 1-0

[Event "94th Paris-ch  2019"]
[Site "Paris"]
[Date "2019.07.08"]
[Round "3.1"]
[White "Philippe, Guillaume"]
[Black "Moussard, Jules"]
[Result "0-1"]
[ECO "B20"]
[WhiteElo "2344"]
[BlackElo "2576"]
[Annotator "ChessBase"]
[PlyCount "112"]
[EventDate "2019.07.07"]
[EventType "swiss"]
[EventCountry "FRA"]
[SourceTitle "playchess.com"]
[Source "ChessBase"]
[SourceQuality "1"]
[TimeControl "5400+30"]

1. e4 c5 2. a3 g6 3. Nc3 Bg7 4. Bc4 Nc6 5. d3 e6 6. Ba2 a6 7. f4 Nge7 8. h4 h5 9. Nf3 d5 10. Bd2 Nd4 11. Ng5 b5 12. O-O Bb7 13. Be1 Qc7 14. Nb1 Rd8 15. c3 dxe4 16. dxe4 c4 17. Nd2 f6 18. Nh3 Ndc6 19. Qe2 Na5 20. Rd1 O-O 21. Bf2 Qc6 22. Bb1 e5 23. fxe5 fxe5 24. Ng5 Bc8 25. Ndf3 Qc7 26. Qe3 Rxd1 27. Rxd1 Rd8 28. Rf1 Nb3 29. Bc2 Nc6 30. Qb6 Qxb6 31. Bxb6 Rd6 32. Rd1 Rxd1+ 33. Bxd1 a5 34. a4 bxa4 35. Be2 Ba6 36. Ne6 Nc1 37. Kf2 Bf6 38. Nc7 Nxe2 39. Kxe2 Bc8 40. Nd5 Kf7 41. Nxf6 Kxf6 42. Ke3 Ke6 43. Ng5+ Kd6 44. Nf7+ Ke7 45. Ng5 Bg4 46. Kf2 Kd7 47. Nf7 Ke7 48. Ng5 Ke8 49. Ke3 Kd7 50. Nf7 Ke7 51. Ng5 Ke8 52. Kf2 Nb4 53. Bxa5 Nd3+ 54. Ke3 Nxb2 55. Bb4 Nd3 56. Ba3 Ne1 {[%emt 0:00:07] Kd4} 0-1

[Event "94th Paris-ch  2019"]
[Site "Paris"]
[Date "2019.07.08"]
[Round "3.2"]
[White "Abergel, Thal"]
[Black "Chalmeta Ugas, Ramon"]
[Result "1-0"]
[ECO "E60"]
[WhiteElo "2450"]
[BlackElo "2232"]
[Annotator "ChessBase"]
[PlyCount "141"]
[EventDate "2019.07.07"]
[EventType "swiss"]
[EventCountry "FRA"]
[SourceTitle "playchess.com"]
[Source "ChessBase"]
[SourceQuality "1"]
[TimeControl "5400+30"]

1. Nf3 Nf6 2. c4 c5 3. g3 Nc6 4. Bg2 g6 5. b3 Bg7 6. Bb2 O-O 7. O-O d6 8. d4 cxd4 9. Nxd4 Bd7 10. Nc2 Rc8 11. Nc3 Qa5 12. Ne3 Qh5 13. Qd2 Ng4 14. Nxg4 Bxg4 15. Nd5 Qh6 16. Qxh6 Bxh6 17. f4 Bg7 18. Bxg7 Kxg7 19. e4 Bd7 20. Rad1 Rfd8 21. e5 dxe5 22. fxe5 Be6 23. Nf4 Bg4 24. Rde1 g5 25. Nd5 Rd7 26. h4 h6 27. Ne3 Be6 28. hxg5 hxg5 29. Nf5+ Bxf5 30. Rxf5 f6 31. exf6+ exf6 32. Rd5 Rcd8 33. Red1 Rxd5 34. cxd5 Ne7 35. Kf2 f5 36. Ke3 Kf6 37. Kd4 Nc6+ 38. Kc5 Ne5 39. d6 Rd7 40. a4 Ke6 41. Bd5+ Kf6 42. a5 b6+ 43. axb6 axb6+ 44. Kxb6 Rxd6+ 45. Kc5 Rd8 46. b4 f4 47. gxf4 gxf4 48. b5 Rc8+ 49. Kd4 Rb8 50. Rb1 f3 51. b6 f2 52. b7 Nf7 53. Rf1 Nd6 54. Rxf2+ Ke7 55. Rh2 Nxb7 56. Bxb7 Kf6 57. Rf2+ Kg5 58. Rf7 Rd8+ 59. Bd5 Re8 60. Bc6 Re6 61. Be4 Re8 62. Rf5+ Kg4 63. Ke3 Re6 64. Ra5 Rb6 65. Bf3+ Kg3 66. Rg5+ Kh4 67. Rg1 Re6+ 68. Kf2 Re5 69. Rg4+ Kh3 70. Rf4 Ra5 71. Bg2+ 1-0